[Event "January 2 Early 2024"]
[Site "https://www.chess.com"]
[Date "2024.01.02"]
[Round "10"]
[White "Vokhidov, Shamsiddin"]
[Black "Pranav Anand"]
[Result "1-0"]
[Board "9"]
[TimeControl "180+1"]
[WhiteFideId "14204223"]
[BlackFideId "46626786"]
[WhiteElo "2984"]
[BlackElo "2934"]
[WhiteTeam "UZB"]
[BlackTeam "IND"]
[WhiteClock "0:01:38"]
[BlackClock "0:01:07"]

1. e4 e5 2. Nf3 Nc6 3. Bb5 a6 4. Ba4 Nf6 5. O-O Be7 6. Re1 b5 7. Bb3 d6 8. a4 Bb7 9. d3 O-O 10. Nc3 Na5 11. Ba2 b4 12. Ne2 c5 13. Ng3 Bc8 14. c3 Rb8 15. d4 b3 16. Bb1 exd4 17. cxd4 Bg4 18. d5 Nd7 19. h3 Bxf3 20. Qxf3 Ne5 21. Qe2 Bf6 22. Nh5 Nec4 23. Bd3 Rb4 24. Nxf6+ Qxf6 25. Rd1 Re8 26. g3 h6 27. h4 Ne5 28. Bb1 Nf3+ 29. Kg2 Nd4 30. Qd3 Nc2 31. Bxc2 bxc2 32. Qxc2 Nb3 33. Ra3 Nxc1 34. Qxc1 Rexe4 35. Rd2 Rxa4 36. Rxa4 Rxa4 37. Qe1 g6 38. Qe8+ Kg7 39. Qxa4 1-0

[Event "January 2 Early 2024"]
[Site "https://www.chess.com"]
[Date "2024.01.02"]
[Round "10"]
[White "Rasulov, Vugar"]
[Black "Bryakin, Mikhail"]
[Result "1-0"]
[Board "10"]
[TimeControl "180+1"]
[WhiteFideId "13402390"]
[BlackFideId "4165314"]
[WhiteElo "2976"]
[BlackElo "2863"]
[WhiteTeam "AZE"]
[BlackTeam "SRB"]
[WhiteClock "0:00:30"]
[BlackClock "0:00:34"]

1. d4 d5 2. c4 e6 3. Nc3 Nf6 4. Bg5 Be7 5. e3 h6 6. Bh4 O-O 7. Rc1 dxc4 8. Bxc4 c5 9. Nf3 Nc6 10. dxc5 Qxd1+ 11. Kxd1 Bxc5 12. Ke2 Be7 13. Rhd1 g5 14. Bg3 Bd7 15. h4 g4 16. Nh2 Rfd8 17. Bc7 Rdc8 18. Bf4 h5 19. Nf1 Na5 20. Bd3 Bc6 21. f3 Nd5 22. Nxd5 Bxd5 23. b3 Bxh4 24. e4 Bc6 25. b4 Ba4 26. bxa5 Bxd1+ 27. Rxd1 Rc5 28. Bd2 Bg5 29. f4 Bf6 30. e5 Bg7 31. Ng3 h4 32. Ne4 Rd5 33. Be3 Rxa5 34. Bc4 Rc8 35. Bb3 h3 36. gxh3 gxh3 37. Rh1 Rxa2+ 38. Bxa2 Rc2+ 39. Kf3 Rxa2 40. Rxh3 a5 41. Nf6+ Bxf6 42. exf6 b5 43. Rh5 b4 44. Rb5 Kh7 45. Bd4 Rd2 46. Ke3 Ra2 47. Rg5 b3 48. Rg7+ Kh6 49. Rxf7 Rh2 50. Rb7 Rh5 51. f7 Rf5 52. Bc5 1-0

[Event "January 2 Early 2024"]
[Site "https://www.chess.com"]
[Date "2024.01.02"]
[Round "10"]
[White "Praggnanandhaa R"]
[Black "Zou, Chen"]
[Result "0-1"]
[Board "11"]
[TimeControl "180+1"]
[WhiteFideId "25059530"]
[BlackFideId "8610959"]
[WhiteElo "2952"]
[BlackElo "2794"]
[WhiteTeam "IND"]
[BlackTeam "CHN"]
[WhiteClock "0:00:00"]
[BlackClock "0:00:05"]

1. Nf3 d5 2. e3 Nf6 3. b3 Bf5 4. Bb2 e6 5. g3 h6 6. Bg2 Be7 7. O-O O-O 8. d3 Bh7 9. Nbd2 c6 10. Qe2 Nbd7 11. e4 a5 12. a4 Nc5 13. e5 Nfd7 14. Nd4 Na6 15. f4 Nc7 16. Kh1 Re8 17. f5 c5 18. fxe6 fxe6 19. Nb5 Nxb5 20. axb5 Rf8 21. Qg4 Bf5 22. Rxf5 exf5 23. Bxd5+ Kh7 24. Qf3 Qc7 25. e6 Ne5 26. Qg2 Ng4 27. Bxb7 Rab8 28. Bc6 Ne3 29. Qe2 Nxc2 30. Be5 Bd6 31. Bxd6 Qxd6 32. Nc4 Qd4 33. Rxa5 Qc3 34. e7 Rfe8 35. Bxe8 Rxe8 36. Ra7 Nd4 37. Qe3 Qxb3 38. Rd7 Qxb5 39. Rd8 Qb7+ 40. Kg1 Rxe7 41. Rb8 Qa7 42. Ra8 Qxa8 43. Qxe7 Qf3 44. h4 Ne2+ 0-1

[Event "January 2 Early 2024"]
[Site "https://www.chess.com"]
[Date "2024.01.02"]
[Round "10"]
[White "Makhnev, Denis"]
[Black "Makarian, Rudik"]
[Result "0-1"]
[Board "12"]
[TimeControl "180+1"]
[WhiteFideId "13707647"]
[BlackFideId "44105681"]
[WhiteElo "2924"]
[BlackElo "3027"]
[WhiteTeam "KAZ"]
[BlackTeam "FID"]
[WhiteClock "0:00:00"]
[BlackClock "0:00:05"]

1. d4 Nf6 2. c4 e6 3. Nc3 d5 4. cxd5 exd5 5. Bg5 c6 6. e3 Bf5 7. Qf3 Bg6 8. Bxf6 Qxf6 9. Qxf6 gxf6 10. Nge2 Nd7 11. h4 h5 12. g3 Bd6 13. Bh3 Nb6 14. O-O-O a5 15. Rhe1 Kd8 16. Nf4 Re8 17. Nd3 Kc7 18. Bg2 Bb4 19. Bf3 Nc4 20. Re2 Bd6 21. Rc2 Kd8 22. Re2 a4 23. a3 f5 24. Kb1 b5 25. Ka2 Kc7 26. Rc2 Kb6 27. Ne2 Rh8 28. Nef4 Rae8 29. Re2 Re7 30. Kb1 Ree8 31. Kc2 Re7 32. Kc3 Ree8 33. Ra1 Ra8 34. Kc2 Ra7 35. Kd1 Raa8 36. Ke1 Ra7 37. Kf1 Kc7 38. Kg2 Kd7 39. Rc2 Ke7 40. Ne2 f4 41. Rc3 fxe3 42. Re1 exf2 43. Kxf2 Kf6 44. Nef4 Re7 45. Rxe7 Bxe7 46. Ne5 b4 47. axb4 Bxb4 48. Rxc4 dxc4 49. Nxc4 Rc8 50. Ne5 c5 51. Nd5+ Kg7 52. Nb6 Rb8 53. Nbd7 Rc8 54. Nc6 Rxc6 55. Bxc6 cxd4 56. Ne5 a3 57. bxa3 Bxa3 58. Bb5 Bf5 59. Nd3 Bd6 60. Ne1 Bg4 61. Ng2 f5 62. Bd3 Kf6 63. Nf4 Bb4 64. Bc4 Bd2 65. Nd3 Be3+ 66. Kg2 Ke7 67. Nf4 Kd6 68. Kf1 Bxf4 69. gxf4 Kc5 70. Bf7 Kb4 71. Ke1 Kc3 0-1

[Event "January 2 Early 2024"]
[Site "https://www.chess.com"]
[Date "2024.01.02"]
[Round "10"]
[White "Zhigalko, Sergei"]
[Black "Zemlyanskii, Ivan"]
[Result "1/2-1/2"]
[Board "13"]
[TimeControl "180+1"]
[WhiteFideId "13502956"]
[BlackFideId "24249971"]
[WhiteElo "2912"]
[BlackElo "2999"]
[WhiteTeam "BLR"]
[BlackTeam "RUS"]
[WhiteClock "0:00:23"]
[BlackClock "0:00:15"]

1. e4 c5 2. c3 d5 3. exd5 Qxd5 4. d4 Nf6 5. Nf3 e6 6. Na3 Qd8 7. Nc4 Nc6 8. Be3 Nd5 9. Bd3 Bd7 10. O-O cxd4 11. Nxd4 Be7 12. Be4 Nxe3 13. fxe3 O-O 14. Qf3 Qc8 15. Nb5 Nd4 16. cxd4 Qxc4 17. Nc3 Qb4 18. Rf2 Rab8 19. Rc1 b5 20. Bd3 a6 21. Ne4 Rbc8 22. Rcf1 Bc6 23. Qf4 Bxe4 24. Qxe4 g6 25. Bc2 Qxb2 26. Bb3 Qa3 27. Qb7 Qd6 28. Rxf7 Rxf7 29. Qxc8+ Kg7 30. Rxf7+ Kxf7 31. g3 Bg5 32. Kf2 a5 33. Qb7+ Kf6 34. Qxb5 Qb4 35. Qxb4 axb4 36. Kf3 e5 37. d5 Ke7 38. Ke4 Kd6 39. Ba4 Bf6 40. Bc6 Kc5 41. Kd3 Be7 42. e4 Bd8 43. Bd7 Bg5 44. Be6 Be7 45. Bf7 Kd6 46. Be6 Kc7 47. Kc4 Bd6 48. Bf7 Be7 49. Kb5 Bd6 50. Bg8 h6 51. Bf7 g5 52. Bh5 Be7 53. Kc4 Bd6 54. Bd1 Kd8 55. Kb5 Kc7 56. Ka6 Be7 57. Ba4 Bc5 58. Kb5 Be7 59. Bd1 Bd6 60. Kc4 Kd8 61. Ba4 Be7 62. Kb5 Kc7 63. Bb3 Bd6 64. Bc2 Bf8 65. Ba4 Bd6 66. Kc4 Bf8 67. Kd3 Kd8 68. Ke3 Ke7 69. Kf3 Kf6 70. Kg4 Bd6 71. Bd7 Be7 72. Kh5 Kg7 73. Ba4 Bd6 74. Bb3 Be7 75. Kg4 Kf6 76. Ba4 Bd6 77. Kh5 Kg7 78. Bd1 Be7 79. Kg4 Kf6 80. Be2 Bd6 81. Bd1 Be7 82. Kf3 Bd6 83. Ke2 Ke7 84. Kd3 Kd7 85. Bg4+ Ke7 86. Kc4 Kd8 87. Be6 Kc7 88. Kd3 Kd8 89. Ke2 Ke7 90. Bc8 Kf6 91. Kd3 Ke7 92. Kc4 Kd8 93. Bh3 Kc7 94. Kd3 Kd8 95. Ke3 Ke7 96. Ke2 Kf6 97. Kd3 Ke7 98. Kc4 Kd8 99. Kb5 Kc7 100. Bf5 Be7 101. h3 Bd6 102. h4 gxh4 103. gxh4 Be7 104. Kc4 Bd6 105. Be6 Kd8 106. h5 Be7 107. Kb5 Kc7 108. Kc4 Bd6 109. Kd3 Kd8 110. Ke2 Ke7 111. Kf3 Kf6 112. Kg4 Bc5 113. Bd7 Bd6 114. Ba4 Bc5 115. Bb3 Bd6 116. Bc4 Bc5 117. Bb3 Bd6 118. Bc4 Bc5 119. Bb3 1/2-1/2

[Event "January 2 Early 2024"]
[Site "https://www.chess.com"]
[Date "2024.01.02"]
[Round "10"]
[White "Ilamparthi A R"]
[Black "Kramnik, Vladimir"]
[Result "1-0"]
[Board "14"]
[TimeControl "180+1"]
[WhiteFideId "45015775"]
[BlackFideId "4101588"]
[WhiteElo "2836"]
[BlackElo "2991"]
[WhiteTeam "IND"]
[BlackTeam "RUS"]
[WhiteClock "0:00:08"]
[BlackClock "0:00:00"]

1. d4 d5 2. Nf3 Nf6 3. Bf4 c5 4. e3 Nc6 5. Nbd2 Bg4 6. c3 e6 7. Qb3 Qc8 8. h3 Bh5 9. Be2 Be7 10. g4 Bg6 11. Nh4 Be4 12. f3 Bg6 13. Nxg6 hxg6 14. h4 a6 15. O-O-O cxd4 16. exd4 Nxd4 17. Qa4+ Nc6 18. Kb1 b5 19. Qc2 Qb7 20. Nf1 Rc8 21. Ng3 Nd7 22. g5 Nde5 23. h5 gxh5 24. Nxh5 Kd7 25. Nxg7 Rxh1 26. Rxh1 b4 27. c4 Nd4 28. Qa4+ Qc6 29. Qxc6+ Nexc6 30. cxd5 Nxe2 31. dxc6+ Kxc6 32. Be3 Kb5 33. g6 fxg6 34. Nxe6 Rc6 35. Nd4+ Nxd4 36. Bxd4 Re6 37. Rd1 a5 38. Kc2 a4 39. Kd3 Rd6 40. Ke4 Re6+ 41. Kd3 Bd6 42. Rg1 Bf4 43. Rh1 g5 44. Rh7 Kc6 45. Ra7 Rd6 46. Kc4 Rd7 47. Ra6+ Kb7 48. Rxa4 Rc7+ 49. Kxb4 Rc2 50. Kb3 Rd2 51. Rc4 Rd3+ 52. Kb4 Rxf3 53. a4 g4 54. Kb5 g3 55. b4 g2 56. a5 Bg3 57. a6+ Kb8 58. a7+ Kb7 59. Rc8 Rf5+ 60. Bc5 Rxc5+ 61. bxc5 1-0

[Event "January 2 Early 2024"]
[Site "https://www.chess.com"]
[Date "2024.01.02"]
[Round "10"]
[White "Navara, David"]
[Black "Gokerkan, Cem Kaan"]
[Result "1-0"]
[Board "15"]
[TimeControl "180+1"]
[WhiteFideId "309095"]
[BlackFideId "6336760"]
[WhiteElo "2987"]
[BlackElo "2851"]
[WhiteTeam "CZE"]
[BlackTeam "TUR"]
[WhiteClock "0:02:39"]
[BlackClock "0:01:48"]

1. d4 Nf6 2. c4 g6 3. Nc3 Bg7 4. e4 O-O 5. Nf3 d6 6. Be2 e5 7. O-O exd4 8. Nxd4 Re8 9. f3 Nc6 10. Nc2 Nh5 11. Kh1 Qh4 12. Qe1 Qxe1 13. Rxe1 Bxc3 14. bxc3 b6 15. Nb4 Bd7 16. Nd5 Rec8 17. g4 1-0

[Event "January 2 Early 2024"]
[Site "https://www.chess.com"]
[Date "2024.01.02"]
[Round "10"]
[White "Moskalenko, Alexander"]
[Black "Salem, A.R. Saleh"]
[Result "0-1"]
[Board "16"]
[TimeControl "180+1"]
[WhiteFideId "4155351"]
[BlackFideId "9301348"]
[WhiteElo "2839"]
[BlackElo "2982"]
[WhiteTeam "RUS"]
[BlackTeam "UAE"]
[WhiteClock "0:00:00"]
[BlackClock "0:00:04"]

1. e4 e5 2. Nf3 Nc6 3. Bc4 Nf6 4. d3 Bc5 5. Nc3 a6 6. a3 d6 7. Be3 Bxe3 8. fxe3 Be6 9. Nd2 O-O 10. O-O Ne7 11. Qe2 Ng6 12. a4 a5 13. h3 Bd7 14. Rf2 c6 15. Raf1 Be6 16. Kh2 d5 17. Bb3 h6 18. Rxf6 gxf6 19. exd5 cxd5 20. Qh5 Kg7 21. e4 dxe4 22. Ncxe4 f5 23. Ng3 f4 24. Nf5+ Bxf5 25. Qxf5 Qg5 26. Qd7 Qe7 27. Qf5 Nh4 28. Qg4+ Qg5 29. Qe2 Rae8 30. Ne4 Qg6 31. g3 fxg3+ 32. Nxg3 Kh8 33. Bd5 f5 34. Rg1 e4 35. Nxe4 Qd6+ 36. Nxd6 Rxe2+ 37. Kg3 Ng6 38. Kf3 Re5 39. Nf7+ Rxf7 40. Bxf7 Ne7 41. d4 Re4 42. c3 Kh7 43. Bc4 Rh4 44. Kg3 Re4 45. Kf3 Rh4 46. Rh1 Kg7 47. Re1 Ng6 48. Kg3 Rh5 49. Re6 Rg5+ 50. Kf2 Nf4 51. Rb6 Nxh3+ 52. Kf3 Ng1+ 53. Kf4 Nh3+ 54. Kf3 Ng1+ 55. Ke3 h5 56. Rxb7+ Kg6 57. Rb6+ Kg7 58. Kf4 Nh3+ 59. Kf3 h4 0-1

[Event "January 2 Early 2024"]
[Site "https://www.chess.com"]
[Date "2024.01.02"]
[Round "10"]
[White "Bindrich, Falko"]
[Black "Pranesh M"]
[Result "1-0"]
[Board "17"]
[TimeControl "180+1"]
[WhiteFideId "4676670"]
[BlackFideId "35028600"]
[WhiteElo "2826"]
[BlackElo "2980"]
[WhiteTeam "GER"]
[BlackTeam "IND"]
[WhiteClock "0:00:19"]
[BlackClock "0:00:03"]

1. d4 d5 2. c4 e5 3. dxe5 d4 4. Nf3 Nc6 5. Nbd2 Nge7 6. Nb3 Nf5 7. g3 a5 8. Bg2 Bb4+ 9. Bd2 Qe7 10. O-O O-O 11. Bg5 Qe8 12. a3 Be7 13. Bf4 Qd8 14. Qc2 a4 15. Nc1 g5 16. Bd2 g4 17. Ne1 Nxe5 18. Ncd3 Ng6 19. Nf4 Bg5 20. Ned3 c6 21. Rae1 Re8 22. e3 dxe3 23. fxe3 Qb6 24. c5 Qb3 25. Qc1 Rd8 26. Bc3 Qc4 27. Nf2 Nxf4 28. exf4 Be7 29. Re4 Qxc5 30. Re5 Qb6 31. Be4 Bf6 32. Bxf5 Bxe5 33. fxe5 Bxf5 34. Qg5+ Bg6 35. e6 Rd3 36. exf7+ Kf8 37. Re1 Rxc3 38. Qe7+ Kg7 39. f8=Q# 1-0

[Event "January 2 Early 2024"]
[Site "https://www.chess.com"]
[Date "2024.01.02"]
[Round "10"]
[White "Kovalev, Vladislav"]
[Black "Bartel, Mateusz"]
[Result "0-1"]
[Board "18"]
[TimeControl "180+1"]
[WhiteFideId "13504398"]
[BlackFideId "1112635"]
[WhiteElo "2944"]
[BlackElo "2815"]
[WhiteTeam "FID"]
[BlackTeam "POL"]
[WhiteClock "0:00:01"]
[BlackClock "0:00:41"]

1. e4 e5 2. Nf3 d6 3. Bb5+ c6 4. Ba4 Nf6 5. O-O Be7 6. Re1 O-O 7. c3 Bg4 8. h3 Bh5 9. d3 Nbd7 10. Nbd2 Nc5 11. Bc2 Ne6 12. Nf1 Nd7 13. Ng3 Bg6 14. d4 Re8 15. Nf5 Bf8 16. d5 cxd5 17. Qxd5 Qc7 18. Be3 Nb6 19. Bxb6 Qxb6 20. Bb3 Nf4 21. Qd2 d5 22. Bxd5 Nxd5 23. Qxd5 Qxb2 24. Rab1 Qxc3 25. Rec1 Qa3 26. Nxe5 Rad8 27. Qb5 a6 28. Qb6 Qxa2 29. Nxg6 hxg6 30. Ng3 Rd7 31. e5 Rxe5 32. Rc8 Rde7 33. Qd8 Re8 34. Qxe8 Rxe8 35. Rxe8 Qxb1+ 0-1

[Event "January 2 Early 2024"]
[Site "https://www.chess.com"]
[Date "2024.01.02"]
[Round "10"]
[White "Molina, Roberto Junio Brito"]
[Black "Baskakov, Egor"]
[Result "0-1"]
[Board "19"]
[TimeControl "180+1"]
[WhiteFideId "2109450"]
[BlackFideId "24197866"]
[WhiteElo "2807"]
[BlackElo "2935"]
[WhiteTeam "BRA"]
[BlackTeam "RUS"]
[WhiteClock "0:00:45"]
[BlackClock "0:02:37"]

1. d4 Nf6 2. Nf3 e6 3. g3 d5 4. Bg2 Be7 5. O-O O-O 6. c4 Ne4 7. b3 c6 8. Ba3 f5 9. Qc1 Bd7 10. Bxe7 Qxe7 11. Qa3 Qf6 12. Ne5 Be8 13. e3 Nd7 14. Nxd7 Bxd7 15. Qb2 g5 16. Nc3 Be8 17. Ne2 Bh5 18. f3 Nd6 19. c5 Nf7 20. Rae1 Rae8 21. Qd2 e5 22. dxe5 Nxe5 23. Nd4 f4 24. e4 dxe4 25. Rxe4 Bg6 26. Re2 Rd8 27. gxf4 Rxd4 28. fxe5 Rxd2 0-1

[Event "January 2 Early 2024"]
[Site "https://www.chess.com"]
[Date "2024.01.02"]
[Round "10"]
[White "NevorLegov"]
[Black "Goltsev, Dmitry"]
[Result "0-1"]
[Board "20"]
[TimeControl "180+1"]
[BlackFideId "24176710"]
[WhiteElo "2933"]
[BlackElo "2761"]
[BlackTeam "RUS"]
[WhiteClock "0:00:03"]
[BlackClock "0:00:26"]

1. d4 e6 2. c4 d5 3. Nf3 dxc4 4. e4 c5 5. d5 exd5 6. exd5 Nf6 7. Bxc4 Bd6 8. Qe2+ Qe7 9. Qxe7+ Kxe7 10. O-O Re8 11. Nc3 a6 12. Bg5 Kf8 13. Bxf6 gxf6 14. a4 Bg4 15. Nd2 Nd7 16. f4 Bf5 17. g3 Re7 18. Rfe1 Rae8 19. Rxe7 Rxe7 20. Kf2 h5 21. Be2 h4 22. Nc4 hxg3+ 23. hxg3 Bb8 24. d6 Re8 25. Rd1 Be6 26. Na5 b6 27. Nc6 Rc8 28. Ne7 Re8 29. Nc6 Rc8 30. Bf3 Kg7 31. Ne7 Re8 32. Nc6 Rc8 33. Rd2 f5 34. Ne7 Re8 35. Nc6 Rc8 36. Ne5 Rd8 37. Bb7 Nxe5 38. fxe5 f6 39. exf6+ Kxf6 40. Bxa6 Bxd6 41. Nb5 Bxg3+ 42. Ke2 Bc4+ 43. Kd1 Bb3+ 44. Ke2 Bc4+ 45. Kd1 Rxd2+ 46. Kxd2 Be5 47. Kc2 f4 48. Bb7 Be2 49. Nc3 Bxc3 50. bxc3 Ke5 51. Kd2 Bc4 52. Bc6 Bd5 53. Bb5 Ke4 54. Ke2 f3+ 55. Kf2 c4 56. a5 bxa5 0-1

[Event "January 2 Early 2024"]
[Site "https://www.chess.com"]
[Date "2024.01.02"]
[Round "10"]
[White "Travadon, Loic"]
[Black "Tari, Aryan"]
[Result "0-1"]
[Board "21"]
[TimeControl "180+1"]
[WhiteFideId "26092131"]
[BlackFideId "1510045"]
[WhiteElo "2324"]
[BlackElo "2925"]
[WhiteTeam "FRA"]
[BlackTeam "NOR"]
[WhiteClock "0:01:23"]
[BlackClock "0:01:10"]

1. e4 c6 2. Nf3 d5 3. d3 Qc7 4. e5 Bg4 5. Bf4 e6 6. h3 Bxf3 7. Qxf3 c5 8. c3 Nc6 9. Qe3 Nge7 10. g4 Ng6 11. d4 cxd4 12. cxd4 Qb6 13. Nd2 Nxd4 14. Bd3 Bc5 15. O-O Nc2 16. Qg3 Nxa1 17. Rxa1 Bxf2+ 18. Qxf2 Qxf2+ 19. Kxf2 Nxf4 20. Bb5+ Ke7 21. Kg3 g5 22. h4 h6 23. Nf3 a6 24. Bf1 Ng6 25. Bd3 Nxh4 26. Nxh4 gxh4+ 27. Kxh4 Rhg8 28. Rc1 Rac8 29. Rxc8 Rxc8 30. Kh5 Rg8 0-1

[Event "January 2 Early 2024"]
[Site "https://www.chess.com"]
[Date "2024.01.02"]
[Round "10"]
[White "Martinez Alcantara, Jose Eduardo"]
[Black "Anuj Shrivatri"]
[Result "1-0"]
[Board "22"]
[TimeControl "180+1"]
[WhiteFideId "3805662"]
[BlackFideId "35070924"]
[WhiteElo "3042"]
[BlackElo "2776"]
[WhiteTeam "PER"]
[BlackTeam "IND"]
[WhiteClock "0:00:31"]
[BlackClock "0:00:00"]

1. a4 a5 2. Ra3 Nc6 3. h4 h5 4. b3 e5 5. Ra1 d5 6. e3 Nf6 7. Bb2 Bg4 8. Be2 Bb4 9. Na3 Qd7 10. Nb5 d4 11. c3 Bc5 12. cxd4 exd4 13. Rc1 Bb6 14. Nf3 d3 15. Bf1 O-O 16. Bxf6 gxf6 17. Rc3 Nb4 18. Qb1 Rad8 19. Na3 c6 20. Nc4 Bc7 21. Nb2 Bxf3 22. gxf3 Be5 23. Rxd3 Nxd3+ 24. Nxd3 Kh8 25. Qc2 Qd6 26. f4 Ba1 27. Be2 Rg8 28. f3 Rg2 29. Kf1 Rdg8 30. Ne1 R2g3 31. Bc4 R8g7 32. d4 Qb4 33. Nd3 Qc3 34. Qxc3 Bxc3 35. Ke2 Rg2+ 36. Nf2 Kg8 37. d5 cxd5 38. Bxd5 b6 39. Rc1 Bb4 40. Rc8+ Bf8 41. f5 Rh2 42. f4 Rg1 43. Rc7 Bb4 44. Rxf7 Re1+ 45. Kf3 Rf1 46. Rxf6+ Kg7 47. Rg6+ Kf8 48. Rg2 Rxg2 49. Kxg2 Re1 50. e4 Bd2 51. Nd3 Re3 52. Ne5 Re2+ 53. Kf3 Re3+ 54. Kf2 Rh3 55. f6 Bc3 56. Ng6+ 1-0

[Event "January 2 Early 2024"]
[Site "https://www.chess.com"]
[Date "2024.01.02"]
[Round "10"]
[White "Hammer, Jon Ludvig"]
[Black "Sarana, Alexey"]
[Result "1-0"]
[Board "23"]
[TimeControl "180+1"]
[WhiteFideId "1503707"]
[BlackFideId "24133795"]
[WhiteElo "2765"]
[BlackElo "3019"]
[WhiteTeam "NOR"]
[BlackTeam "SRB"]
[WhiteClock "0:00:07"]
[BlackClock "0:01:26"]

1. d4 Nf6 2. c4 e6 3. Nc3 d5 4. cxd5 exd5 5. Bg5 c6 6. e3 h6 7. Bh4 Bf5 8. Qf3 Bg6 9. Bxf6 Qxf6 10. Qxf6 gxf6 11. Nf3 a5 12. Nh4 Bh7 13. Kd2 a4 14. a3 b5 15. Bd3 Nd7 16. Bxh7 Rxh7 17. e4 dxe4 18. Rae1 Nb6 19. Rxe4+ Kd7 20. Kc2 b4 21. axb4 Bxb4 22. d5 Bxc3 23. dxc6+ Kxc6 24. Kxc3 Rg7 25. Rc1 Rg5 26. Kb4+ Kd6 27. g4 Nd5+ 28. Ka3 Re5 29. Nf5+ Kd7 30. Rxe5 fxe5 31. Nxh6 f6 32. Nf5 Nf4 33. h4 Ke6 34. Rc6+ Kd5 35. Rxf6 Ke4 36. Nd6+ Kf3 37. Nf7 Ke4 38. h5 Nd5 39. Rd6 Ra7 40. Ng5+ Kf4 41. Rxd5 Kxg5 42. Rxe5+ Kxg4 43. h6 Rh7 44. Re6 Ra7 45. Rg6+ Kf5 46. Rg7 Ra6 47. h7 Rh6 48. Kxa4 Kf6 49. Rb7 Rh4+ 50. b4 Ke6 51. Ka5 Kd6 52. b5 Rh1 53. Kb6 Rh6 54. Rg7 Kd5+ 55. Ka7 Kc5 56. b6 Kb5 57. b7 Ra6+ 58. Kb8 Rh6 59. Kc8 Rc6+ 60. Rc7 1-0

[Event "January 2 Early 2024"]
[Site "https://www.chess.com"]
[Date "2024.01.02"]
[Round "10"]
[White "Meier, Georg"]
[Black "Oganian, Miran"]
[Result "1-0"]
[Board "24"]
[TimeControl "180+1"]
[WhiteFideId "4675789"]
[BlackFideId "4122488"]
[WhiteElo "3010"]
[BlackElo "2753"]
[WhiteTeam "URU"]
[BlackTeam "RUS"]
[WhiteClock "0:00:10"]
[BlackClock "0:00:04"]

1. Nf3 d5 2. d4 e6 3. c4 a6 4. Qc2 dxc4 5. Qxc4 b5 6. Qc2 Bb7 7. Bg5 Be7 8. Bxe7 Qxe7 9. Nbd2 Nf6 10. Rc1 O-O 11. Nb3 Nbd7 12. Nc5 Bxf3 13. gxf3 e5 14. Nxd7 Nxd7 15. d5 Nb6 16. e4 f5 17. Qxc7 Qg5 18. Rc6 Nc4 19. Bxc4 Qc1+ 20. Ke2 Qxh1 21. Bd3 Qa1 22. Qxe5 Rae8 23. Re6 Rc8 24. Re7 Qg1 25. Qg3 Qxg3 26. hxg3 f4 27. e5 Rfe8 28. Rxe8+ Rxe8 29. gxf4 g5 30. Ke3 h5 31. d6 h4 32. Bf5 Kf7 33. Ke4 gxf4 34. Bg4 Rh8 35. Bh3 Rh6 36. Kxf4 b4 37. Ke4 a5 38. f4 a4 39. f5 a3 40. bxa3 bxa3 41. f6 Rh8 42. d7 Rb8 43. Kd5 Rb5+ 44. Kd6 Rb6+ 45. Kc7 Ra6 46. d8=Q Ra7+ 47. Kb6 Ra4 48. Qe7+ Kg6 49. Qg7+ Kh5 50. Qf7+ Kg5 51. e6 Rb4+ 52. Kc7 Rc4+ 53. Kd6 Rd4+ 54. Kc5 Rd2 55. Qg7+ Kf4 56. Qg4+ Ke5 57. Qf5# 1-0

[Event "January 2 Early 2024"]
[Site "https://www.chess.com"]
[Date "2024.01.02"]
[Round "10"]
[White "Svane, Rasmus"]
[Black "Lewtak, Damian"]
[Result "1-0"]
[Board "25"]
[TimeControl "180+1"]
[WhiteFideId "4657101"]
[BlackFideId "1141724"]
[WhiteElo "2984"]
[BlackElo "2740"]
[WhiteTeam "GER"]
[BlackTeam "POL"]
[WhiteClock "0:00:13"]
[BlackClock "0:00:00"]

1. Nf3 Nf6 2. g3 e6 3. Bg2 c5 4. c4 Qc7 5. O-O Be7 6. Nc3 a6 7. b3 O-O 8. Bb2 b6 9. d4 cxd4 10. Qxd4 d6 11. Rac1 Bb7 12. Rfd1 Nbd7 13. h3 Rfd8 14. g4 Rac8 15. g5 Nh5 16. Qg4 g6 17. Ne4 Nc5 18. Nf6+ Bxf6 19. Bxf6 Nxf6 20. gxf6 Nd7 21. Qf4 Bxf3 22. Bxf3 e5 23. Qh4 Re8 24. Bg4 h5 25. Bxh5 Nxf6 26. Qxf6 gxh5 27. Kh2 Kh7 28. Rxd6 Re6 29. Rxe6 fxe6 30. Rg1 Rg8 31. Rxg8 Kxg8 32. Qxe6+ Kg7 33. Kg2 a5 34. Kf3 Qc5 35. e3 a4 36. Ke4 Qa3 37. Qxe5+ Kg6 38. Qe6+ Kg5 39. Qxb6 Qxa2 40. Qb5+ Kh4 41. bxa4 Qxf2 42. a5 Qg2+ 43. Kd4 Qg7+ 44. Kd3 Qg6+ 45. e4 Qg3+ 46. Kd4 Qf2+ 47. Kd5 Qf7+ 48. Kc6 Qe8+ 49. Kd5 Qf7+ 50. Kd6 Qf6+ 51. Kd7 Qf7+ 52. Kc8 Qe6+ 53. Kc7 Qf7+ 54. Kb6 Qe6+ 55. Qc6 Qe7 56. a6 Qb4+ 57. Qb5 Qd6+ 58. Kb7 Qe7+ 59. Kc8 Qf8+ 60. Kc7 Qe7+ 61. Kc6 Qe6+ 62. Kc5 Qe7+ 63. Kd4 Qf6+ 64. e5 Qf4+ 65. Kd5 Qf3+ 66. Ke6 Qf8 67. Qc6 Qh6+ 68. Kd5 Qd2+ 69. Kc5 Qe3+ 70. Kd6 Qd4+ 71. Ke6 1-0

[Event "January 2 Early 2024"]
[Site "https://www.chess.com"]
[Date "2024.01.02"]
[Round "10"]
[White "Popov, Konstantin"]
[Black "Vaibhav Jayant Raut"]
[Result "1-0"]
[Board "26"]
[TimeControl "180+1"]
[WhiteFideId "34137910"]
[BlackFideId "5089034"]
[WhiteElo "2913"]
[BlackElo "2741"]
[WhiteTeam "FID"]
[BlackTeam "IND"]
[WhiteClock "0:00:34"]
[BlackClock "0:00:02"]

1. e4 c5 2. Nf3 Nc6 3. d4 cxd4 4. Nxd4 Nf6 5. Nc3 d6 6. Bg5 e5 7. Nf5 h6 8. Bxf6 Qxf6 9. Nd5 Qd8 10. Bc4 g6 11. Nfe3 Bg7 12. c3 O-O 13. O-O Be6 14. Qd3 a6 15. a4 Kh8 16. b4 f5 17. Nb6 fxe4 18. Qe2 Bf5 19. Nxa8 Qxa8 20. b5 Ne7 21. Rfd1 Rd8 22. Nd5 Nxd5 23. Bxd5 Qc8 24. c4 a5 25. Bxe4 b6 26. Rd2 Bf8 27. Rad1 Be7 28. g3 Kg7 29. Bxf5 gxf5 30. Qe3 Bg5 31. f4 exf4 32. gxf4 Bf6 33. Rg2+ Kh7 34. Qxb6 Qxc4 35. Qb7+ Kh8 36. Qd5 Qxf4 37. Rf1 Qe5 38. Qxe5 dxe5 39. Rxf5 Bg5 40. Rxe5 Rd1+ 41. Kf2 Rb1 42. Rg4 Rb2+ 43. Re2 Rb3 44. h4 Bd8 45. Re6 1-0

[Event "January 2 Early 2024"]
[Site "https://www.chess.com"]
[Date "2024.01.02"]
[Round "10"]
[White "Arabidze, Meri"]
[Black "Aravindh, Chithambaram VR."]
[Result "0-1"]
[Board "27"]
[TimeControl "180+1"]
[WhiteFideId "13604040"]
[BlackFideId "5072786"]
[WhiteElo "2740"]
[BlackElo "2912"]
[WhiteTeam "GEO"]
[BlackTeam "IND"]
[WhiteClock "0:00:00"]
[BlackClock "0:00:20"]

1. Nf3 Nf6 2. b3 g6 3. Bb2 Bg7 4. g3 O-O 5. Bg2 b6 6. O-O Bb7 7. c4 c5 8. Nc3 d6 9. Re1 e5 10. e4 Nc6 11. Nd5 Nxd5 12. cxd5 Ne7 13. d3 h6 14. b4 f5 15. bxc5 bxc5 16. Bc3 Bc8 17. Rb1 g5 18. Qb3 Kh7 19. Nd2 f4 20. Nc4 Ng6 21. Qa4 Qf6 22. Qc6 fxg3 23. fxg3 Qf2+ 24. Kh1 Bg4 25. Rf1 Qc2 26. Ne3 Qxc3 27. Nxg4 Qxd3 28. Qxd6 h5 29. Rfd1 Qe2 30. Qxc5 Qxg4 31. Qe3 h4 32. h3 Qxg3 33. Qxg3 hxg3 34. d6 Rf2 35. d7 Nf4 36. d8=Q Rxd8 37. Rxd8 Rxg2 38. Rd7 Rh2+ 39. Kg1 Nxh3+ 40. Kf1 Rf2+ 41. Ke1 g2 0-1

[Event "January 2 Early 2024"]
[Site "https://www.chess.com"]
[Date "2024.01.02"]
[Round "10"]
[White "Han, Yichen"]
[Black "Ibarra Jerez, Jose Carlos"]
[Result "1-0"]
[Board "28"]
[TimeControl "180+1"]
[WhiteFideId "1054430"]
[BlackFideId "2226332"]
[WhiteElo "2696"]
[BlackElo "2911"]
[WhiteTeam "NED"]
[BlackTeam "ESP"]
[WhiteClock "0:00:03"]
[BlackClock "0:00:03"]

1. e4 c5 2. Nc3 a6 3. Nf3 b5 4. g3 Bb7 5. d3 e6 6. Bg2 Nf6 7. O-O d6 8. a4 b4 9. Ne2 Nbd7 10. c3 a5 11. Be3 Be7 12. Nd2 Ng4 13. Bf4 g5 14. h3 gxf4 15. hxg4 fxg3 16. Nxg3 Ne5 17. d4 cxd4 18. cxd4 Nd3 19. Qf3 Ba6 20. Rfb1 Bg5 21. Nb3 Nf4 22. e5 Nxg2 23. Qxg2 Bc4 24. Qc6+ Kf8 25. Qxc4 Bf4 26. exd6 Qh4 27. Qc6 Rd8 28. Qf3 Bxd6 29. Nc5 Ke8 30. Nb7 Rd7 31. Nxd6+ Rxd6 32. Rc1 Qd8 33. Qb7 Rd7 34. Qa6 Ke7 35. Qb5 Rg8 36. Qc5+ Ke8 37. f3 Qh4 38. Qe5 Rg5 39. Rc8+ Ke7 40. Qf4 Rxd4 41. Qc7+ Kf6 42. Ne4+ Rxe4 43. fxe4 Qxg4+ 44. Kf2 Qg2+ 45. Ke3 Rg3+ 46. Kd4 Qd2+ 47. Kc5 Qc2+ 48. Kb6 Qf2+ 49. Kb7 Qf3 50. Qd8+ Kg6 51. Qd4 Rg4 52. Rg1 h5 53. Rxg4+ hxg4 54. Rg8+ Kh5 55. Qh8# 1-0